 Dungeon Crawl Stone Soup version 0.30.1-11-g7821555f0a (webtiles) character file.

Game seed: 1840746158105383037

54 Martska the Trooper (level 3, 0/29 HPs)
             Began as a Demonspawn Fighter on Dec 13, 2023.
             Slain by a kobold
             ... wielding a +0 dagger
              (1 damage)
             ... in a sewer.
             The game lasted 00:01:48 (1326 turns).

Martska the Trooper (Demonspawn Fighter)            Turns: 1326, Time: 00:01:49

Health: 0/29       AC:  5    Str: 18    XL:     3   Next: 66%
Magic:  3/3        EV: 11    Int:  9    God:
Gold:   196        SH:  9    Dex: 12    Spells: 2/2 levels left

rFire   . . .        a - +0 trident
rCold   + . .        c - +0 buckler
rNeg    . . .        k - +2 leather armour {rC+}
rPois   .            (no helmet)
rElec   .            (no cloak)
rCorr   .            (no gloves)
SInv    .            (no boots)
Will    .....        m - amulet of reflection
Stlth   +            (no ring)
HPRegen 0.24/turn    (no ring)
MPRegen 0.08/turn

%: reflection
@: no status effects
A: ignite blood 1, powered by death 1
a: no special abilities


You were in a sewer.
You visited 1 branch of the dungeon, and saw 3 of its levels.
You also visited: Sewer.

You collected 196 gold pieces.

Inventory:

Hand Weapons
 a - a +0 trident (weapon)
Armour
 b - a +0 scale mail
 c - a +0 buckler (worn)
 k - a +2 leather armour of cold resistance (worn)
Jewellery
 m - an amulet of reflection (around neck)
Scrolls
 f - a scroll of teleportation {unknown}
 g - 5 scrolls of identify {unknown}
 i - a scroll of fog {unknown}
 j - a scroll of amnesia {unknown}
 l - 3 scrolls of poison {unknown}
Potions
 h - a potion of attraction


   Skills:
 * Level 3.6 Fighting
 - Level 1.7 Polearms
 + Level 3.0 Armour
 * Level 1.5 Dodging
 + Level 3.0 Shields


You had 2 spell levels left.
You didn't know any spells.
Your spell library contained the following spells:

 Spells                   Type           Power      Damage    Failure   Level
 Apportation              Tloc           0%         N/A       52%         1
 Necrotise                Necr           0%         1d4       52%         1
 Summon Small Mammal      Summ           0%         N/A       52%         1
 Sublimation of Blood     Necr           0%         N/A       67%         2
 Wereblood                Tmut           0%         N/A       67%         2
 Summon Hydra             Summ           0%         N/A       100%        7


Dungeon Overview and Level Annotations

Branches:
Dungeon (3/15)              Sewer (1/1)

Altars:
Ru

Shops:
D:1 =


Innate Abilities, Weirdness & Mutations

Your demonic aura sometimes causes spilled blood to erupt in flames.
You regenerate a little health from kills.


Message History

The kobold brigand hits you with a +0 short sword.
* * * LOW HITPOINT WARNING * * *
It was a potion of attraction.
You feel attractive to monsters. The kobold hits you but does no damage.
The kobold closely misses you. You block the kobold brigand's attack.
It was a potion of cancellation.
Your magical effects are unravelling.
You feel magically purged.
You feel a little less mighty now.
The kobold hits you but does no damage. x2
The kobold brigand barely misses you.
You feel less attractive to monsters.
You closely miss the kobold brigand.
The kobold brigand is moderately wounded.
You block the kobold's attack. The kobold barely misses you.
You block the kobold brigand's attack.
You hit the kobold brigand.
The kobold brigand is heavily wounded.
The kobold barely misses you. You block the kobold's attack.
The kobold brigand closely misses you. You block the kobold's attack.
The kobold brigand barely misses you. The kobold hits you but does no damage.
You closely miss the kobold brigand.
The kobold brigand is heavily wounded.
You block the kobold's attack. The kobold closely misses you.
The kobold brigand hits you with a +0 short sword.
* * * LOW HITPOINT WARNING * * *
You puncture the kobold brigand!
The kobold brigand is severely wounded.
The kobold hits you with a +0 dagger.
* * * LOW HITPOINT WARNING * * *
The kobold barely misses you. The kobold brigand barely misses you.
You hit the kobold brigand.
The kobold brigand is almost dead.
The kobold closely misses you. You block the kobold's attack.
The kobold brigand hits you but does no damage.
You hit the kobold brigand.
You kill the kobold brigand!
The kobold barely misses you. The kobold hits you but does no damage.
The kobold hits you with a +0 dagger.
You die...

##### ### .....##.#
........########
..........#K.[.#####
..P......P@)...#.∩.#
....~~P~..'K.∩?#.∩.#
....~~~~~.#..!!#...#
######~†########'###
~~~~~~~†~~~~~~~~~~≈#
≈≈≈≈~≈≈≈≈≈~≈≈≈≈≈~≈≈#
~~~~~~~~~~~~~~~~~~≈#
~~~#################
~~


You could see 2 kobolds.

Vanquished Creatures
  A kobold brigand (Sewer)
  An adder (D:2)
  3 ball pythons
  2 endoplasms (D:2)
  4 giant cockroaches
  2 goblins
  2 hobgoblins
  5 jackals
  3 kobolds
  5 quokkas (D:2)
  3 bats
  5 frilled lizards
  7 rats
43 creatures vanquished.

Notes
Turn   | Place    | Note
-------+----------+-------------------------------------------
     0 | D:1      | Martska the Demonspawn Fighter began the quest for the Orb.
     0 | D:1      | Reached XP level 1. HP: 18/18 MP: 1/1
    23 | D:1      | Found Payddann's Jewellery Shop.
   374 | D:1      | Gained mutation: You regenerate a little health from kills.
                  | [demonic ancestry]
   374 | D:1      | Reached XP level 2. HP: 24/24 MP: 2/2
   602 | D:2      | Reached skill level 1 in Dodging
   726 | D:2      | Gained mutation: Your demonic aura sometimes causes spilled
                  | blood to erupt in flames. [demonic ancestry]
   726 | D:2      | Reached XP level 3. HP: 17/29 MP: 3/3
   869 | D:2      | Found a sacrificial altar of Ru.
  1243 | D:3      | Found a glowing drain.
  1262 | Sewer    | Entered a sewer
  1312 | Sewer    | Noticed a kobold brigand
  1324 | Sewer    | HP: 1/29 [kobold/+0 dagger (3)]
  1326 | Sewer    | Killed a kobold brigand
  1326 | Sewer    | Slain by a kobold

Illustrated notes

Levels and vault maps discovered:
D:1:      saegor_arrival_simple_c, layout_loops_cross, serial_shops,
          nicolae_shop_tiny_glass, serial_park_tiny_pond
D:2:      layout_basic, basic_altar
D:3:      layout_basic, portal_sewer_entry_a, kennysheep_generic_room_10
Sewer:    kennysheep_pipe_town

Skill      XL: |  1  2  3 |
---------------+----------+-----
Dodging        | 1 |  1.5
Shields        | 3 |  3.0
Armour         | 3 |  3.0
Fighting       | |  3.6
Polearms       | |  1.7

Action                     || total
---------------------------++-------
  Melee: Trident           ||   157
    Use: Potion            ||     3
 Armour: Scale mail        ||    16
         Leather armour    ||    42
  Dodge: Dodged            ||    93
  Block: Buckler           ||    59
